 Dungeon Crawl Stone Soup version 0.28.0-45-g0d030f2227 (console) character file.

Game seed: 9445192777981404876

98 Banquo the Magician (level 5, 0/36 HPs)
             Began as a Djinni Hedge Wizard on Apr 20, 2022.
             Shot with a stone by a goblin (2 damage)
             ... on level 3 of the Dungeon.
             The game lasted 00:11:07 (3721 turns).

Banquo the Magician (Djinni Hedge Wizard)           Turns: 3721, Time: 00:11:08

Health: 0/36       AC:  4    Str:  9    XL:     5   Next: 1%
Gold:   144        EV: 12    Int: 17    God:
                   SH:  0    Dex: 13

rFire   + + .      SeeInvis .   a - +0 dagger
rCold   . . .      Faith    .   (no shield)
rNeg    . . .      Spirit   .   d - +2 robe {rC+}
rPois   ∞          Reflect  .   c - +0 hat
rElec   .          Harm     .   (no cloak)
rCorr   .          Rampage  .   (no gloves)
Will    .....                   (boots unavailable)
Stlth   ++........              (no amulet)
HPRegen 0.12/turn               (no ring)
MPRegen 0.00/turn               (no ring)

@: flying
A: sickness immunity, fire resistance 2, cold vulnerability 1, float, innate
caster, HP casting, extra vitality 1
a: no special abilities


You were on level 3 of the Dungeon.
You visited 1 branch of the dungeon, and saw 3 of its levels.

You collected 144 gold pieces.

Inventory:

Hand Weapons
 a - a +0 dagger (weapon)
Armour
 b - a +0 robe
 c - a +0 hat (worn)
 d - a +2 robe of cold resistance (worn)
Scrolls
 e - 2 scrolls of fog {unknown}
 f - 4 scrolls of amnesia {unknown}
 h - a scroll of enchant armour {unknown}
 i - 3 scrolls of identify
 k - a scroll of immolation {unknown}
 l - 2 scrolls of fear {unknown}
 n - a scroll of enchant weapon {unknown}
Potions
 g - a potion of curing
 j - 2 potions of ambrosia
 m - a potion of haste


   Skills:
 + Level 0.4 Fighting
 + Level 2.5 Dodging
 + Level 2.3 Stealth
 + Level 3.6 Spellcasting


You couldn't memorise any spells.
You knew the following spells:

 Your Spells              Type           Power      Damage    Failure   Level
a - Magic Dart            Conj           60%        1d6       3%          1
b - Apportation           Tloc           30%        N/A       3%          1
c - Mephitic Cloud        Conj/Pois/Air  15%        N/A       11%         3
f - Conjure Flame         Conj/Fire      15%        6-21      11%         3
i - Call Imp              Summ           15%        N/A       5%          2
s - Slow                  Hex            60%        N/A       3%          1
z - Poisonous Vapours     Pois/Air       30%        N/A       5%          2
B - Blink                 Tloc           30%        N/A       5%          2
Your spell library was empty.

Dungeon Overview and Level Annotations

Branches:
Dungeon (3/15)

Altars:
Ashenzari
Kikubaaqudgha
Nemelex Xobeh
Qazlal
Sif Muna
Uskayaw
The Shining One

Shops:
D:1 *

Annotations:
D:2 Sigmund
D:3 Ijyb


Innate Abilities, Weirdness & Mutations

You are immune to sickness and miasma.
You are immune to poison.
Your flesh is very heat resistant. (rF++)
You are vulnerable to cold. (rC-)
You float through the air rather than walking.
You learn spells naturally, not from books.
Your magical power is your life essence.
You have superior vitality. (+4 MHP)


Message History

Press: ? - help, Shift-Dir - straight line, f/p - goblin
Aim: a goblin, wielding a +0 hand axe, wearing a +0 ring mail and quivering stones (heavily wounded, 100% to hit)
The magic dart hits the goblin.
You kill the goblin!
You start resting.
HP restored.
You now have 144 gold pieces (gained 34).
Items here: ( ) [ †.
Okay, then.
There is an open gate here.
Ijyb is nearby!
Casting: Magic Dart (safe; 3% risk of failure)
Confirm with . or Enter, or press ? or * to list all spells.
Aiming: Magic Dart (safe; 3% risk of failure)
Press: ? - help, Shift-Dir - straight line, f - Ijyb
Aim: Ijyb, wielding a +1 dagger of venom, wearing a +0 ring mail and carrying a wand of acid (8) (wandering, hasn't noticed you, 100% to hit)
The magic dart hits Ijyb.
Ijyb is lightly wounded.
Ijyb shouts!
You hear a shout!
Casting: Magic Dart (safe; 3% risk of failure)
Confirm with . or Enter, or press ? or * to list all spells.
Okay, then.
Ijyb zaps a wand.
The bolt of acid hits you!!
Ouch! That really hurt!
* * * LOW HITPOINT WARNING * * *
Unknown command.
Casting: Magic Dart (safe; 3% risk of failure)
Confirm with . or Enter, or press ? or * to list all spells.
The spell is quite dangerous to miscast (11% risk of failure)!
Continue anyway?
Aiming: Mephitic Cloud (quite dangerous; 11% risk of failure)
Press: ? - help, Shift-Dir - straight line, p - Ijyb The ball explodes into a vile cloud!
The stinking cloud engulfs Ijyb but does no damage.
Ijyb is lightly wounded.
* * * LOW HITPOINT WARNING * * *
Ijyb is engulfed in noxious fumes.
Ijyb appears confused.
Ijyb is engulfed in noxious fumes.
Ijyb appears confused.
Ijyb screams, "Me back to killing you soon!"
The goblin shoots a stone.
The stone hits you.
You die...

#).###.# #.# ...._#.#
#.# 8..8##.#########.##
)....#............###
.....########≈≈...≈≈###
.....######≈≈≈≈...≈≈≈≈##
##.####≈≈≈≈≈≈##'''##≈≈≈#
#.###≈≈≈≈≈≈≈#.....#≈≈≈#
#.##≈≈≈.....#..@..#.g.#
#.##≈≈....).#.....#.).#
#.##≈≈..##'##.....##g##
#.##≈≈..#...#.....#...#
##.##≈≈..#...#.○.g.#.g.#
...##≈≈..#...#..○○.#...#
##.##≈≈..##'##.○○..##'##
##.##≈≈.).#......).g...#
...##≈≈...#.........)..#


You could see Ijyb (confused) and a goblin.

Vanquished Creatures
  Jessica (D:2)
  3 adders
  A dart slug (D:1)
  2 ball pythons
  5 bats
  3 endoplasms (D:1)
  2 hobgoblins
  7 jackals
  2 kobolds
  2 frilled lizards
  8 goblins
  3 rats (D:2)
39 creatures vanquished.

Notes
Turn   | Place    | Note
-------+----------+-------------------------------------------
     0 | D:1      | Banquo the Djinni Hedge Wizard began the quest for the Orb.
     0 | D:1      | Reached XP level 1. HP: 15/15 MP: 0/0
   481 | D:1      | Found a faded altar of an unknown god.
   526 | D:1      | Reached XP level 2. HP: 15/21 MP: 0/0
   844 | D:1      | Found Paototal's Assorted Antiques.
  1114 | D:2      | Reached XP level 3. HP: 16/25 MP: 0/0
  1114 | D:2      | Learned a level 1 spell: Apportation
  1202 | D:2      | Reached skill level 3 in Spellcasting
  1590 | D:2      | Noticed Sigmund
  1906 | D:2      | Noticed Jessica
  1914 | D:2      | Killed Jessica
  1915 | D:2      | Reached XP level 4. HP: 22/31 MP: 0/0
  2964 | D:3      | Noticed Ijyb
  2975 | D:3      | Reached XP level 5. HP: 30/36 MP: 0/0
  2975 | D:3      | Learned a level 2 spell: Poisonous Vapours
  3509 | D:3      | Found a sparkling altar of Nemelex Xobeh.
  3519 | D:3      | Found a stormy altar of Qazlal.
  3520 | D:3      | Found a glowing golden altar of the Shining One.
  3523 | D:3      | Found a hide-covered altar of Uskayaw.
  3524 | D:3      | Found a broken altar of Ashenzari.
  3721 | D:3      | Shot with a stone by a goblin

Illustrated notes

Levels and vault maps discovered:
D:1:      dpeg_arrival_oval, layout_rooms, hellmonk_ecumenical_altar_lost_god,
          serial_shops, shop, serial_bayou_lagoon_b
D:2:      layout_rooms, uniq_sigmund, uniq_jessica
D:3:      kennysheep_goblin_castle, layout_basic, lemuel_round_altar, minitemple

Skill      XL: |  1  2  3 |
---------------+----------+-----
Stealth        | 2 |  2.3
Spellcasting   | 3 |  3.6
Fighting       | |  0.4
Dodging        | |  2.5

Action                   |  1- 3 |  4- 6 || total
-------------------------+-------+-------++-------
 Cast: Magic Dart        |    63 |    45 ||   108
       Mephitic Cloud    |       |     2 ||     2
       Poisonous Vapours |       |     1 ||     1
  Use: Scroll            |     5 |       ||     5
Armor: Robe              |     2 |     3 ||     5
Dodge: Dodged            |    14 |     5 ||    19
